 Dungeon Crawl Stone Soup version 0.27.1-1-g398f81649c (webtiles) character file.

Game seed: 1936338534337020497

27 Descartes the Sneak (level 2, 0/14 HPs)
             Began as a Spriggan Wanderer on Sept 15, 2021.
             Slain by a kobold (4 damage)
             ... on level 2 of the Dungeon.
             The game lasted 00:01:34 (1344 turns).

Descartes the Sneak (Spriggan Wanderer)             Turns: 1344, Time: 00:01:35

Health: 0/14       AC:  3    Str:  7    XL:     2   Next: 93%
Magic:  3/3        EV: 16    Int: 15    God:
Gold:   63         SH:  0    Dex: 13    Spells: 1/1 levels left

rFire    . . .     SeeInvis +   a - +2 spear
rCold    . . .     Faith    .   (shield restricted)
rNeg     . . .     Spirit   .   d - +0 robe
rPois    .         Reflect  .   (helmet restricted)
rElec    .         Harm     .   k - +0 cloak
rCorr    .         Rampage  .   (gloves unavailable)
Will     .....                  (boots unavailable)
Stlth    ++........             (no amulet)
HPRegen  0.04/turn              (no ring)
MPRegen  0.08/turn              (no ring)

@: very quick
A: very small, no large weapons, unfitting armour, see invisible, speed 3
a: no special abilities


You were on level 2 of the Dungeon.
You visited 1 branch of the dungeon, and saw 2 of its levels.

You collected 63 gold pieces.

Inventory:

Hand Weapons
 a - a +2 spear (weapon)
 b - a +0 short sword
 e - a +0 dagger
Missiles
 f - 21 arrows
 g - 26 stones (quivered)
 i - 30 bolts
Armour
 d - a +0 robe (worn)
 k - a +0 cloak (worn)
Magical Staves
 m - a staff of cold
Scrolls
 j - 2 scrolls of vulnerability {unknown}
 n - a scroll of amnesia {unknown}
 o - a scroll of fear {unknown}
 p - a scroll of silence {unknown}
 q - a scroll of holy word {unknown}
Potions
 c - a potion of lignification
 h - a potion of haste {unknown}
 l - 2 potions of mutation {unknown}


   Skills:
 - Level 1.0 Fighting
 + Level 1.4 Short Blades
 - Level 2.1 Polearms
 + Level 1.9 Dodging
 + Level 4.0 Stealth
 - Level 2.4 Unarmed Combat
 - Level 1.3 Evocations


You had one spell level left.
You didn't know any spells.
Your spell library was empty.

Dungeon Overview and Level Annotations

Branches:
Dungeon (2/15)

Altars:


Innate Abilities, Weirdness & Mutations

You are very small and have problems with some larger weapons.
You are too small for most types of armour.
You have supernaturally acute eyesight. (SInv)
You cover ground extremely quickly. (Speed+++)


Message History

You are too injured to fight recklessly!
You are too injured to fight recklessly!
You are too injured to fight recklessly!
You are too injured to fight recklessly!
You are too injured to fight recklessly!
You are too injured to fight recklessly!
You are too injured to fight recklessly!
You are too injured to fight recklessly!
You are too injured to fight recklessly!
You are too injured to fight recklessly!
You are too injured to fight recklessly!
You are too injured to fight recklessly!
You are too injured to fight recklessly!
You are too injured to fight recklessly!
You are too injured to fight recklessly!
You are too injured to fight recklessly!
You are too injured to fight recklessly!
Unknown command.
The kobold shouts!
You hit the jackal.
You kill the jackal!
Your Stealth skill increases to level 4!
Things that are here:
a jackal corpse; a jackal corpse You are too injured to fight recklessly!
You are too injured to fight recklessly!
You are too injured to fight recklessly!
You hit the kobold but do no damage. Your punch misses the kobold.
The kobold misses you.
You hit the kobold but do no damage.
A ball python comes into view.
The kobold hits you with a +0 short sword.
* * * LOW HITPOINT WARNING * * *
You barely miss the kobold. The kobold closely misses you.
The ball python hisses angrily.
You hit the kobold.
The kobold is heavily wounded.
A bat comes into view.
The kobold hits you with a +0 short sword.
You die...

....##...#
..#.#.#.#...## ....#
..................#####
....#
...........#.#.......#
....#
.........#.#..####.#.#
....# .....
#..#.#.........# ....#
..S...+............#.#
....#
....$.##..............
....#
............##.....#.#
......K@†...##.#.### #
b................#
.....#########.### ....
..# ..# ## .


You could see a bat, a ball python and a kobold.

Vanquished Creatures
  A dart slug (D:2)
  An endoplasm (D:1)
  3 giant cockroaches (D:1)
  3 hobgoblins
  2 jackals (D:2)
  5 ball pythons
  5 bats
  2 frilled lizards (D:1)
  A kobold (D:1)
  A rat (D:1)
24 creatures vanquished.

Notes
Turn   | Place    | Note
-------+----------+-------------------------------------------
     0 | D:1      | Descartes the Spriggan Wanderer began the quest for the
                  | Orb.
     0 | D:1      | Descartes set off with the following items: a +2 spear, a
                  | +0 short sword, a potion of lignification, a +0 robe, a +0
                  | dagger
     0 | D:1      | Reached XP level 1. HP: 10/10 MP: 2/2
   137 | D:1      | Reached skill level 1 in Dodging
   225 | D:1      | Reached XP level 2. HP: 14/14 MP: 3/3
   231 | D:1      | Reached skill level 1 in Short Blades
  1339 | D:2      | Reached skill level 4 in Stealth
  1344 | D:2      | Slain by a kobold

Illustrated notes

Levels and vault maps discovered:
D:1:      wheals_arrival_shading, layout_loops_ring
D:2:      minmay_angry_zag, layout_basic, chequers_serial_rivers_small_3,
          uniq_crazy_yiuf_cottage

Skill      XL: |  1  2 |
---------------+-------+-----
Dodging        | 1 |  1.9
Short Blades   | 1 |  1.4
Stealth        | 4 |  4.0
Fighting       | |  1.0
Polearms       | |  2.1
Unarmed Combat | |  2.4
Evocations     | |  1.3

Action                   || total
-------------------------++-------
Melee: Spear             ||    82
 Stab: Sleeping          ||     8
Armor: Robe              ||    16
Dodge: Dodged            ||    40
